 Dungeon Crawl Stone Soup version 0.17.1-1-g73c8601 (webtiles) character file.

6236 DeXoteric the Slicer (level 10, -3/56 HPs)
             Began as a Vine Stalker Assassin on Jan 6, 2016.
             Was an Initiate of Gozag.
             Hit by a javelin thrown by Urug (17 damage)
             ... on level 10 of the Dungeon.
             The game lasted 00:32:22 (8372 turns).

DeXoteric the Slicer (Vine Stalker Assassin)        Turns: 8372, Time: 00:32:22

Health: -3/56      AC: 18    Str: 19    XL:     10   Next: 93%
Magic:  0/11       EV:  0    Int: 11    God:    Gozag
Gold:   558        SH: 11    Dex: 17    Spells: 0 memorised, 9 levels left

rFire  + + .     SeeInvis .     b - +0 blowgun
rCold  + . .     Clarity  .     w - +2 crystal plate armour
rNeg   . . .     SustAt   .     v - +0 shield (curse)
rPois  +         Gourm    .     k - +0 helmet
rElec  .         Spirit   +     d - +0 cloak
rCorr  .         Warding  .     (no gloves)
rMut   +         Stasis   .     (no boots)
MR     +....                    i - amulet "Wata" {rMut rF++ rC+}
Stlth  ..........               B - +3 ring of strength
                                H - ring of poison resistance

@: somewhat resistant to hostile enchantments, extremely unstealthy
A: fangs 3, regeneration 2, magic shield, antimagic bite, no device heal 3, rot
immunity
a: Potion Petition, Call Merchant, Bribe Branch, Renounce Religion


You were on level 10 of the Dungeon.
You worshipped Gozag.
Gozag was noncommittal.
You were very hungry.

You visited 1 branch of the dungeon, and saw 10 of its levels.

You collected 1800 gold pieces.
You spent 1231 gold pieces at shops.
You paid 11 gold pieces to Gozag.

Inventory:

Hand Weapons
 a - a +2 dagger of venom
 b - a +0 blowgun (weapon)
Missiles
 f - 2 curare-tipped needles
 t - 26 poisoned needles (quivered)
Armour
 d - a +0 cloak (worn)
 k - a +0 helmet (worn)
 q - a +3 leather armour of fire resistance
 v - a cursed +0 shield (worn)
 w - a +2 crystal plate armour (worn)
Jewellery
 e - an uncursed ring of see invisible
 i - the amulet "Wata" (around neck) {rMut rF++ rC+}
   (You found it on level 8 of the Dungeon)

   [amulet of resist mutation]

   It protects you from mutation.
   It greatly protects you from fire.
   It protects you from cold.
 B - a +3 ring of strength (right hand)
 C - an uncursed ring of magical power
 H - a ring of poison resistance (left hand)
Wands
 g - a wand of paralysis (10)
 u - a wand of digging (8)
 I - a wand of disintegration (12)
 J - a wand of lightning (5)
Scrolls
 h - 2 scrolls of blinking {unknown}
 j - 2 scrolls of amnesia {unknown}
 l - 6 scrolls of remove curse {unknown}
 r - 2 scrolls of enchant weapon {unknown}
 s - a scroll of magic mapping {unknown}
 y - 4 scrolls of immolation {unknown}
 z - 6 scrolls of teleportation {unknown}
 D - a scroll of fear {unknown}
 F - 3 scrolls of recharging {unknown}
Potions
 m - a potion of might
 n - 9 potions of curing
 o - 3 potions of brilliance
 p - 3 potions of agility
 x - 3 potions of cancellation
 A - a potion of invisibility
 G - a potion of cure mutation
Comestibles
 c - 5 meat rations
 E - 10 royal jellies


   Skills:
 + Level 8.1 Fighting
 + Level 9.9 Short Blades
 - Level 1.7 Throwing
 - Level 0.7 Dodging
 - Level 6.9 Stealth
 + Level 7.0 Shields


You had 9 spell levels left.
You didn't know any spells.

Dungeon Overview and Level Annotations

Branches:
Dungeon (10/15)            Temple (0/1) D:5            Lair (0/8) D:10
    Orc: D:9-12

Altars:
Ashenzari
Dithmenos
Fedhas
Gozag
Kikubaaqudgha
Nemelex Xobeh
Okawaru
Ru
Sif Muna
Vehumet
Yredelemnul
Zin
The Shining One

Shops:
D:5 =   D:6 [   D:7 :

Annotations:
D:10 Urug


Innate Abilities, Weirdness & Mutations

You have razor-sharp teeth.
You heal very quickly.
When hurt, damage is shared between your health and your magic reserves.
Your bite disrupts and absorbs the magic of your enemies.
Potions and wands cannot restore your health.
You are immune to rotting.


Message History

Your +2 dagger of venom stops dripping with poison.
b - a +0 blowgun (weapon)
Urug stares with his one eyeball.
Urug throws a javelin.
You block the javelin.
You see here a javelin.
Aim: Urug, wielding a battleaxe and wearing a leather armour You shoot a poisoned needle.
The poisoned needle closely misses Urug.
Urug throws a javelin.
The javelin hits you!
You take 8 damage, and have 30/56 hp.
You now have 9/11 mp.
Aim: Urug, wielding a battleaxe and wearing a leather armour You shoot a poisoned needle.
The poisoned needle barely misses Urug.
Urug throws a javelin.
The javelin hits you!!
* * * LOW HITPOINT WARNING * * *
You take 16 damage, and have 14/56 hp.
MASSIVE DAMAGE!!
You now have 5/11 mp.
You are too injured to fight recklessly!
Urug stares with his one eyeball.
Urug throws a javelin.
The javelin hits you!!
You die...
Your body crumbles into a pile of gold.

#..$.....####...
#.....#[.......
###.o.###..###.
#............
##.#..######. #....##
####o(#..#
#####..$..##.###
##.f(..##..##...#
########..######..####.##
#........## #..####..###
#.######## #...........
#.# ##........}. #.#
#.......... #.#
##.......... #.#
#.......>... #.## #######
#...........


You could see Urug.

Vanquished Creatures
  Joseph (D:9)
  Sigmund (D:2)
  A shadow (D:6)
  A wraith (D:10)
  2 wyverns
  A hungry ghost (D:9)
  2 hippogriffs
  An ice beast (D:4)
  4 orc warriors
  2 black bears
  A porcupine (D:10)
  2 sky beasts (D:9)
  An ogre (D:6)
  2 phantoms
  3 centaurs
  A crocodile (D:10)
  2 necrophages
  Blork the orc (D:5)
  5 giant frogs
  A wyvern skeleton (D:7)
  5 scorpions
  8 wights
  4 killer bees (D:8)
  2 crimson imps
  3 hounds
  A giant frog zombie (D:8)
  6 orc priests
  An iron imp (D:5)
  Ijyb (D:2)
  A centaur zombie (D:5)
  4 jellies
  5 orc wizards
  4 centaur skeletons
  4 worker ants
  Jessica (D:2)
  Terence (D:3)
  2 giant frog skeletons
  5 iguanas
  Natasha (thrice) (D:2)
  2 hell rats (D:10)
  A killer bee zombie (D:7)
  A hound zombie (D:9)
  8 gnolls
  7 adders
  4 adder zombies
  5 oozes (D:9)
  4 worms
  An adder skeleton (D:6)
  2 giant geckos
  39 orcs
  7 bats
  7 giant cockroaches
  5 hobgoblins
  5 jackals
  10 kobolds
  2 ball pythons
  6 giant newts
  6 goblins
  A hobgoblin zombie (D:5)
  A jackal skeleton (D:6)
  A kobold skeleton (D:5)
  A kobold zombie (D:5)
  An orc zombie (D:5)
  7 quokkas
  A quokka zombie (D:5)
  7 rats
238 creatures vanquished.

Notes
Turn   | Place    | Note
--------------------------------------------------------------
     0 | D:1      | DeXoteric the Vine Stalker Assassin began the quest for the Orb.
     0 | D:1      | Reached XP level 1. HP: 11/11 MP: 2/2
   285 | D:1      | Reached XP level 2. HP: 9/15 MP: 1/3
   583 | D:1      | Reached XP level 3. HP: 18/18 MP: 4/4
   845 | D:2      | Noticed Jessica
   854 | D:2      | Killed Jessica
   889 | D:2      | Reached XP level 4. HP: 20/23 MP: 3/5
   930 | D:2      | Noticed Ijyb
  1019 | D:2      | Killed Ijyb
  1104 | D:2      | Noticed Natasha
  1117 | D:2      | Killed Natasha
  1117 | D:2      | Reached XP level 5. HP: 26/26 MP: 6/6
  1282 | D:2      | Noticed Sigmund
  1302 | D:2      | Killed Sigmund
  1302 | D:2      | Reached skill level 5 in Short Blades
  1302 | D:2      | Gained mutation: You heal very quickly. [Vine Stalker growth]
  1302 | D:2      | Reached XP level 6. HP: 25/30 MP: 7/7
  1349 | D:2      | Noticed Natasha
  1357 | D:2      | Killed Natasha
  1376 | D:2      | Noticed Natasha
  1383 | D:2      | Killed Natasha
  1511 | D:2      | Found an opulent altar of Gozag.
  1553 | D:2      | Reached skill level 6 in Short Blades
  1589 | D:2      | Became a worshipper of Gozag Ym Sagoz the Greedy
  1838 | D:2      | Found a sacrificial altar of Ru.
  1980 | D:3      | Noticed Terence
  2008 | D:3      | Killed Terence
  2066 | D:3      | Reached skill level 5 in Stealth
  2644 | D:4      | Found a sparkling altar of Nemelex Xobeh.
  2699 | D:4      | Reached XP level 7. HP: 35/35 MP: 8/8
  2889 | D:4      | Found a blossoming altar of Fedhas.
  2911 | D:4      | Found a shattered altar of Ashenzari.
  2955 | D:4      | You fall through a shaft for 2 floors!
  3101 | D:5      | Entered Level 5 of the Dungeon
  3108 | D:5      | Noticed Blork the orc
  3122 | D:5      | Killed Blork the orc
  3708 | D:5      | Found a glowing golden altar of the Shining One.
  3795 | D:5      | Gained mutation: You have razor-sharp teeth. [Vine Stalker growth]
  3795 | D:5      | Reached XP level 8. HP: 32/40 MP: 9/9
  3858 | D:4      | Reached skill level 7 in Short Blades
  4074 | D:5      | Found a staircase to the Ecumenical Temple.
  4148 | D:5      | Found Fasu's Jewellery Shoppe.
  4410 | D:6      | Reached skill level 1 in Shields
  4563 | D:6      | Found Ypimiuf's Armour Shop.
  4816 | D:6      | Found a shadowy altar of Dithmenos.
  4950 | D:6      | Found an iron altar of Okawaru.
  5330 | D:6      | Reached skill level 5 in Fighting
  5330 | D:6      | Reached XP level 9. HP: 15/47 MP: 10/10
  5566 | D:7      | Reached skill level 8 in Short Blades
  5636 | D:7      | Found an opulent altar of Gozag.
  5669 | D:7      | Found Ikhiynloch's Book Shop.
  6220 | D:8      | Got a steaming bronze amulet
  6221 | D:8      | Identified the amulet "Wata" {rMut rF++ rC+} (You found it on level 8 of the Dungeon)
  6232 | D:8      | Reached skill level 5 in Shields
  6281 | D:8      | Found a glowing silver altar of Zin.
  6465 | D:8      | Reached XP level 10. HP: 53/53 MP: 11/11
  6827 | D:8      | Found a deep blue altar of Sif Muna.
  6829 | D:8      | Found an ancient bone altar of Kikubaaqudgha.
  7024 | D:7      | Reached skill level 9 in Short Blades
  7059 | D:6      | Bought a +2 crystal plate armour for 1012 gold pieces
  7142 | D:5      | Bought a +3 ring of strength for 219 gold pieces
  7297 | D:9      | Found a radiant altar of Vehumet.
  7317 | D:9      | Noticed Joseph
  7374 | D:9      | Killed Joseph
  7424 | D:9      | Found a basalt altar of Yredelemnul.
  8017 | D:10     | Entered Level 10 of the Dungeon
  8131 | D:10     | Found a staircase to the Lair.
  8361 | D:10     | Noticed Urug
  8372 | D:10     | Hit by a javelin thrown by Urug

Action                   |  1- 3 |  4- 6 |  7- 9 | 10-12 || total
-------------------------+-------+-------+-------+-------++-------
Melee: Dagger            |    58 |   180 |   514 |   319 ||  1071
 Fire: Blowgun           |     8 |    29 |    14 |    19 ||    70
Evoke: Wand              |       |       |       |     1 ||     1
  Use: Scroll            |       |       |     7 |     4 ||    11
 Stab: Sleeping          |     2 |    10 |    18 |     1 ||    31
       Distracted        |       |     1 |     1 |     2 ||     4
  Eat: Chunk             |       |     2 |       |       ||     2
       Fruit             |       |     2 |     5 |       ||     7
       Beef jerky        |       |     1 |     1 |       ||     2
       Royal jelly       |       |       |     1 |       ||     1
       Pizza             |       |       |     1 |       ||     1
       Bread ration      |       |       |     1 |     1 ||     2
